 Dungeon Crawl Stone Soup version 0.32-a0-675-gdc239d62e1 (webtiles) character file.

Game seed: 14772144112353700161

1615 lunkers the Skirmisher (level 8, 0/54 HPs)
             Began as a Coglin Hexslinger on Mar 11, 2024.
             Slain by a hornet zombie (10 damage)
             ... on level 5 of the Dungeon.
             The game lasted 00:12:38 (4102 turns).

lunkers the Skirmisher (Coglin Hexslinger)          Turns: 4102, Time: 00:12:38

Health: 0/54       AC:  3    Str: 10    XL:     8   Next: 96%
Magic:  4/9        EV: 11    Int: 14    God:
Gold:   254        SH:  0    Dex: 16    Spells: 7/9 levels left

rFire   + . .        a - +1 sling {Fatehjeet}
rCold   . . .        g - +0 sling {Kamaljyot}
rNeg    . . .        d - +0 leather armour {rF+}
rPois   .            (no helmet)
rElec   .            (no cloak)
rCorr   .            (no gloves)
SInv    .            (no boots)
Will    .....        (amulet unavailable)
Stlth   +            (ring unavailable)
HPRegen 0.29/turn    (ring unavailable)
MPRegen 0.11/turn    (no gizmo)

%: no passive effects
@: very slightly contaminated, revved
A: off-hand wielding, slow wielding, warmup strikes, no jewellery
a: Invent Gizmo


You were on level 5 of the Dungeon.
You visited 1 branch of the dungeon, and saw 5 of its levels.

You collected 254 gold pieces.

Inventory:

Hand Weapons
 a - a +1 sling (weapon) {Fatehjeet}
 g - a +0 sling (offhand) {Kamaljyot}
Missiles
 o - a throwing net
Armour
 c - a +0 robe
 d - a +0 leather armour of fire resistance (worn)
Wands
 r - a wand of charming (7)
 s - a wand of quicksilver (3)
 x - a wand of mindburst (15)
Scrolls
 b - a scroll of poison
 i - 2 scrolls of revelation {unknown}
 j - 7 scrolls of identify {unknown}
 k - 2 scrolls of enchant weapon {unknown}
 l - a scroll of noise {unknown}
 n - a scroll of fear {unknown}
 p - a scroll of vulnerability {unknown}
 q - a scroll of enchant armour {unknown}
 u - a scroll of blinking {unknown}
 w - a scroll of silence {unknown}
Potions
 e - a potion of magic {unknown}
 f - a potion of enlightenment {unknown}
 h - a potion of brilliance {unknown}
 m - a potion of heal wounds {unknown}
 t - 2 potions of attraction {unknown}
 v - a potion of haste {unknown}
 z - a potion of resistance {unknown}
 A - a potion of curing {unknown}


   Skills:
 - Level 1.0 Fighting
 - Level 10.0 Ranged Weapons
 - Level 1.7 Dodging
 - Level 1.0 Spellcasting
 - Level 2.6 Hexes
 - Level 0.8 Fire Magic
 + Level 3.2 Evocations


You had 7 spell levels left.
You knew the following spells:

 Your Spells              Type           Power      Damage    Failure   Level
p - Jinxbite              Hex            16%        N/A       19%         2

Your spell library contained the following spells:

 Spells                   Type           Power      Damage    Failure   Level
 Sandblast                Erth           0%         2d4       34%         1
 Sigil of Binding         Hex            8%         N/A       34%         3
 Inner Flame              Hex/Fire       5%         N/A       45%         3
 Cigotuvi's Dreadful Rot  Necr/Alch/Air  0%         N/A       47%         2
 Passwall                 Erth           0%         N/A       71%         3
 Stone Arrow              Conj/Erth      0%         3d7       71%         3
 Cause Fear               Hex            4%         N/A       75%         4
 Dimensional Bullseye     Hex/Tloc       2%         N/A       90%         4
 Ignite Poison            Fire/Alch      1%         N/A       96%         4
 Brom's Barrelling Bould  Conj/Erth      0%         2d3       98%         4
 Freezing Cloud           Conj/Ice/Air   0%         6-21      100%        5


Dungeon Overview and Level Annotations

Branches:
Dungeon (5/15)
 Temple: D:4-7

Altars:
Kikubaaqudgha
Sif Muna
Yredelemnul

Shops:
D:2 ?


Innate Abilities, Weirdness & Mutations

You can wield a second weapon in your off-hand.
It takes a long time for you to wield or remove held weapons.
Your first few attacks do less damage.
You cannot equip rings or amulets.


Message History

Aim: a hornet zombie (lightly damaged, 68% to hit)
You shoot a sling bullet.
The sling bullet hits the hornet zombie.
The hornet zombie is lightly damaged.
You shoot a sling bullet.
The sling bullet hits the hornet zombie.
The hornet zombie is lightly damaged.
The hornet zombie hits you!
* * * LOW HITPOINT WARNING * * *
Fire: a) +1 sling {Fatehjeet}
Press: ? - help, Q - select action, (/) - cycle Shift-Dir - straight line, f/p - hornet zombie
Aim: a hornet zombie (lightly damaged, 68% to hit)
You shoot a sling bullet.
The sling bullet barely misses the hornet zombie.
You shoot a sling bullet.
The sling bullet hits the hornet zombie.
The hornet zombie is lightly damaged.
The hornet zombie barely misses you.
The hornet zombie hits you but does no damage.
Unknown command.
Fire: a) +1 sling {Fatehjeet}
Press: ? - help, Q - select action, (/) - cycle Shift-Dir - straight line, f/p - hornet zombie
Aim: a hornet zombie (lightly damaged, 68% to hit)
You shoot a sling bullet.
The sling bullet hits the hornet zombie but does no damage.
The hornet zombie is lightly damaged.
You shoot a sling bullet.
The sling bullet barely misses the hornet zombie.
The hornet zombie barely misses you.
Unknown command.
Fire: a) +1 sling {Fatehjeet}
Press: ? - help, Q - select action, (/) - cycle Shift-Dir - straight line, f/p - hornet zombie
Aim: a hornet zombie (lightly damaged, 68% to hit)
You shoot a sling bullet.
The sling bullet hits the hornet zombie.
The hornet zombie is moderately damaged.
You shoot a sling bullet.
The sling bullet barely misses the hornet zombie.
The hornet zombie hits you!
You die...

......#......###.###
.##..........#.'.'.#
.....###.....###.###
##...###.....#_'.'.#
..##.........###.###
....##.......#.'.'.#
.............###.###
.....###.....#.'.).#
.....####....###@###
..#.....)....# +.Z.#
..#....).....# #.###
#.....)......# +.+
#............#####
###.)#.........
###............#
.#..............#### ####
....##...##.....##.#####..#


You could see a hornet zombie.

Vanquished Creatures
  Sigmund (D:5)
  Eustachio (D:4)
  Menkaure (D:4)
  A water moccasin (D:5)
  Duvessa (D:5)
  An ice beast (D:5)
  An ogre (D:5)
  A weeping skull (D:5)
  A scorpion (D:4)
  A wight (D:5)
  Dowan (D:5)
  A bombardier beetle (D:5)
  A bullfrog zombie (D:5)
  A human zombie (D:5)
  An orc priest (D:5)
  2 hounds (D:5)
  A sleepcap (D:5)
  Ijyb (D:4)
  An iguana (D:5)
  4 orc wizards
  A hound zombie (D:5)
  2 mummies (D:5)
  A howler monkey zombie (D:5)
  9 adders
  2 shadow imps (D:5)
  A white imp (D:5)
  8 orcs
  9 endoplasms
  4 giant cockroaches
  5 goblins
  5 hobgoblins
  4 jackals (D:3)
  6 kobolds
  6 quokkas
  7 ball pythons
  6 bats
  6 frilled lizards
  5 rats
111 creatures vanquished.

Notes
Turn   | Place    | Note
-------+----------+-------------------------------------------
     0 | D:1      | lunkers the Coglin Hexslinger began the quest for the Orb.
     0 | D:1      | Reached XP level 1. HP: 15/15 MP: 2/2
    45 | D:1      | Reached skill level 2 in Ranged Weapons
   141 | D:1      | Reached XP level 2. HP: 21/21 MP: 3/3
   146 | D:1      | Learned a level 2 spell: Jinxbite
   572 | D:1      | Reached skill level 3 in Ranged Weapons
   681 | D:1      | Reached XP level 3. HP: 26/26 MP: 4/4
   938 | D:2      | Found Fastill's Magic Scroll Shoppe.
  1094 | D:2      | Reached XP level 4. HP: 19/32 MP: 5/5
  1215 | D:2      | Reached skill level 4 in Ranged Weapons
  1806 | D:3      | Reached XP level 5. HP: 37/37 MP: 3/6
  1846 | D:3      | Found an ancient bone altar of Kikubaaqudgha.
  2394 | D:4      | Reached skill level 5 in Ranged Weapons
  2419 | D:4      | Found a shimmering blue altar of Sif Muna.
  2469 | D:4      | Noticed Eustachio
  2494 | D:4      | Killed Eustachio
  2495 | D:4      | Reached skill level 6 in Ranged Weapons
  2495 | D:4      | Reached XP level 6. HP: 43/43 MP: 0/7
  2669 | D:4      | Noticed Menkaure
  2745 | D:4      | Noticed Ijyb
  2755 | D:4      | Killed Ijyb
  2823 | D:4      | Found a glowing drain.
  2841 | D:4      | Killed Menkaure
  2842 | D:4      | Reached skill level 7 in Ranged Weapons
  2842 | D:4      | Reached XP level 7. HP: 28/48 MP: 5/8
  3093 | D:5      | Entered Level 5 of the Dungeon
  3093 | D:5      | Noticed Duvessa
  3093 | D:5      | Noticed Dowan
  3095 | D:5      | Killed Dowan
  3097 | D:5      | Killed Duvessa
  3150 | D:5      | Reached skill level 8 in Ranged Weapons
  3232 | D:5      | Noticed Sigmund
  3262 | D:5      | Killed Sigmund
  3263 | D:5      | Reached XP level 8. HP: 35/54 MP: 5/9
  3526 | D:5      | Reached skill level 9 in Ranged Weapons
  3878 | D:5      | Found a basalt altar of Yredelemnul.
  3890 | D:5      | Reached skill level 10 in Ranged Weapons
  3963 | D:5      | Reached skill level 1 in Evocations
  4102 | D:5      | Slain by a hornet zombie

Illustrated notes

Levels and vault maps discovered:
D:1:      sevenhm_arrival_forest_fort_small_5, layout_loops_cross,
          minmay_misc_feat_more_columns, minmay_tetromino_t2
D:2:      layout_loops_ring, serial_shops, shop
D:3:      layout_loops_ring, kiku_gazebo_pond_becter, corexii_shack,
          kennysheep_another_room, minmay_liquid_box, minmay_checkerbox
D:4:      layout_rooms, tgw_sif, gup_sewer_entry_glass, uniq_eustachio,
          uniq_menkaure, uniq_ijyb
D:5:      layout_cave_pools, lemuel_mausoleum_altar_yredelemnul,
          dk_noncrumbling_4, chequers_serial_rivers_micro_e, glass_columns_a,
          grunt_decor_fettered, minmay_misc_feat_ornament,
          hangedman_decor_peaks_small, uniq_sigmund, uniq_duvessa

Skill      XL: |  1  2  3  4  5  6  7  8 |
---------------+-------------------------+-----
Ranged Weapons | 2 3 4 6 7 8 10 | 10.0
Evocations     | 3 |  3.2
Fighting       | |  1.0
Dodging        | |  1.7
Spellcasting   | |  1.0
Hexes          | |  2.6
Fire Magic     | |  0.8

Action                     |  1- 3 |  4- 6 |  7- 9 || total
---------------------------+-------+-------+-------++-------
  Melee: Sling             |       |       |     2 ||     2
   Fire: Sling             |   130 |   252 |   272 ||   654
   Cast: Jinxbite          |     8 |    19 |    18 ||    45
  Evoke: Wand              |       |       |     5 ||     5
 Armour: Robe              |     6 |     8 |       ||    14
         Leather armour    |       |     7 |    60 ||    67
  Dodge: Dodged            |     2 |    22 |    41 ||    65

Table legend: (Time is in decaauts)
 A = Elapsed time spent in this place.
 B = Non-inter-level travel time spent in this place.
 C = Inter-level travel time spent in this place.
 D = Time resting spent in this place.
 E = Time spent auto-exploring this place.
 F = Levels seen in this place.
 G = Mean time per level.
                   A        B        C        D        E       F      G
               +--------+--------+--------+--------+--------+-----+--------+
         Total |   4137 |   4057 |     80 |     20 |   3336 |   5 |  827.4 |
       Dungeon |   4137 |   4057 |     80 |     20 |   3336 |   5 |  827.4 |
               +--------+--------+--------+--------+--------+-----+--------+

Top non-repeatable levels by time:
     D:5: 1006 daAuts
     D:1: 867 daAuts
     D:3: 768 daAuts
     D:2: 762 daAuts
     D:4: 732 daAuts
